| TOP OF THE 1ST |
|
Cincinnati (NYP) Reds batting - Pitching for Williamsport Crosscutters : RHP John Stepanian
|
|
Pitching: RHP John Stepanian
|
|
|
Batting: SHB Bryan Johnston
|
0-0: Foul Ball, location: 2F 0-1: DOUBLE (Line Drive, 9LD, EV 106.9 MPH)
|
|
Batting: LHB Fernando Gomez
|
0-0: Called Strike 0-1: Ball 1-1: Foul Ball, location: 2F 1-2: Ball 2-2: Ball 3-2: Foul Ball, location: 2F 3-2: Foul Ball, location: 2F 3-2: Foul Ball, location: 2F 3-2: DOUBLE (Groundball, 3L, EV 94.4 MPH) Bryan Johnston scores
|
|
Batting: RHB Ricky Carbajal
|
0-0: Ball 1-0: SINGLE (Line Drive, 4D, EV 102.5 MPH) Fernando Gomez to third Runner from 3rd tries for Home, SAFE, throw by CF to home
|
|
Batting: RHB Logan Smith
|
0-0: Ball Ricky Carbajal steals 2nd base 1-0: Ball 2-0: Ball 3-0: Called Strike 3-1: Ground out 4-3 (Groundball, 4, EV 81.9 MPH) Ricky Carbajal to third
|
|
Batting: RHB Kagetoki Kawai
|
0-0: Swinging Strike 0-1: Called Strike 0-2: Ball 1-2: Ball 2-2: Strikes out looking
|
|
Batting: LHB Marty Hafner
|
0-0: Ball 1-0: Ball 2-0: Foul Ball, location: 2F 2-1: Ball 3-1: Foul Ball, location: 2F 3-2: Foul Ball, location: 2F 3-2: Strikes out looking
|
| Top of the 1st over - 2 runs, 3 hits, 0 errors, 1 left on base; Cincinnati (NYP) 2 - Williamsport 0 |
| BOTTOM OF THE 1ST |
|
Williamsport Crosscutters batting - Pitching for Cincinnati (NYP) Reds : LHP Juan Garcia
|
|
Pitching: LHP Juan Garcia
|
|
|
Batting: RHB Prabhukumar Santhanakrishnan
|
0-0: Foul Ball, location: 2F 0-1: Foul Ball, location: 2F 0-2: Foul Ball, location: 2F 0-2: Ball 1-2: SINGLE (Line Drive, 7LS, EV 104.4 MPH)
|
|
Batting: RHB Alan Weller
|
0-0: Ball 1-0: Called Strike 1-1: Ball 2-1: Called Strike 2-2: Strikes out looking
|
|
Batting: SHB Benjamin Brown
|
0-0: Called Strike 0-1: Ball 1-1: Called Strike Prabhukumar Santhanakrishnan steals 2nd base 1-2: Foul Ball, location: 2F 1-2: Foul Ball, location: 2F 1-2: Fly out, F7 (Flyball, 7LS, EV 90.6 MPH)
|
|
Batting: RHB Jimmy Misener
|
0-0: Called Strike 0-1: Foul Ball, location: 2F 0-2: Strikes out swinging
|
| Bottom of the 1st over - 0 runs, 1 hit, 0 errors, 1 left on base; Cincinnati (NYP) 2 - Williamsport 0 |
| TOP OF THE 2ND |
|
Cincinnati (NYP) Reds batting - Pitching for Williamsport Crosscutters : RHP John Stepanian
|
|
Batting: RHB Dave Ruiz
|
0-0: Fly out, F5 (Line Drive, 5, EV 72.5 MPH)
|
|
Batting: RHB Chae-seong Lee
|
0-0: Ball 1-0: Swinging Strike 1-1: Called Strike 1-2: Ball 2-2: Foul Ball, location: 2F 2-2: Ground out 4-3 (Groundball, 4MD, EV 81.9 MPH)
|
|
Batting: LHB Josiah Leath
|
0-0: Ball 1-0: Ball 2-0: Foul Ball, location: 2F 2-1: Ground out 4-3 (Groundball, 4M, EV 86.3 MPH)
|
| Top of the 2nd over - 0 runs, 0 hits, 0 errors, 0 left on base; Cincinnati (NYP) 2 - Williamsport 0 |
| BOTTOM OF THE 2ND |
|
Williamsport Crosscutters batting - Pitching for Cincinnati (NYP) Reds : LHP Juan Garcia
|
|
Batting: RHB Matt McDevitt
|
0-0: Swinging Strike 0-1: Called Strike 0-2: Foul Ball, location: 2F 0-2: Foul Ball, location: 2F 0-2: Ball 1-2: Fly out, F4 (Line Drive, 4, EV 62.5 MPH)
|
|
Batting: RHB Allen Gravel
|
0-0: Ball 1-0: Ground out 5-3 (Groundball, 5L, EV 81.3 MPH)
|
|
Batting: RHB Moritake Fukumoto
|
0-0: Called Strike 0-1: Ball 1-1: Ball 2-1: Ball 3-1: SINGLE (Line Drive, 9S, EV 91.9 MPH)
|
|
Batting: RHB Ken Gadberry
|
Pickoff Throw to First - Out! 1-3
|
| Bottom of the 2nd over - 0 runs, 1 hit, 0 errors, 0 left on base; Cincinnati (NYP) 2 - Williamsport 0 |
| TOP OF THE 3RD |
|
Cincinnati (NYP) Reds batting - Pitching for Williamsport Crosscutters : RHP John Stepanian
|
|
Batting: SHB Bryan Johnston
|
0-0: Ball 1-0: Foul Ball, location: 2F 1-1: Ball 2-1: Ground out 4-3 (Groundball, 4, EV 82.5 MPH)
|
|
Batting: LHB Fernando Gomez
|
0-0: Foul Ball, location: 2F 0-1: Swinging Strike 0-2: Ball 1-2: Strikes out swinging
|
|
Batting: RHB Ricky Carbajal
|
0-0: Ball 1-0: Ball 2-0: TRIPLE (Flyball, 89XD, EV 96.9 MPH)
|
|
Batting: RHB Logan Smith
|
0-0: Ball 1-0: Ball 2-0: Ground out 1-3 (Groundball, 13S, EV 71.9 MPH)
|
| Top of the 3rd over - 0 runs, 1 hit, 0 errors, 1 left on base; Cincinnati (NYP) 2 - Williamsport 0 |
| BOTTOM OF THE 3RD |
|
Williamsport Crosscutters batting - Pitching for Cincinnati (NYP) Reds : LHP Juan Garcia
|
|
Batting: RHB Ken Gadberry
|
0-0: Ball 1-0: Foul Ball, location: 2F 1-1: Called Strike 1-2: Strikes out swinging
|
|
Batting: RHB Cory Bonham
|
0-0: Foul Ball, location: 2F 0-1: Ball 1-1: Called Strike 1-2: Foul Ball, location: 2F 1-2: Foul Ball, location: 2F 1-2: Strikes out swinging
|
|
Batting: RHB Prabhukumar Santhanakrishnan
|
0-0: Ball 1-0: Ball 2-0: Swinging Strike 2-1: Ground out 4-3 (Groundball, 4, EV 82.5 MPH)
|
| Bottom of the 3rd over - 0 runs, 0 hits, 0 errors, 0 left on base; Cincinnati (NYP) 2 - Williamsport 0 |
| TOP OF THE 4TH |
|
Cincinnati (NYP) Reds batting - Pitching for Williamsport Crosscutters : RHP John Stepanian
|
|
Batting: RHB Kagetoki Kawai
|
0-0: Called Strike 0-1: Ball 1-1: Ball 2-1: SOLO HOME RUN (Flyball, 78XD, EV 99.4 MPH), Distance : 405 ft
|
|
Batting: LHB Marty Hafner
|
0-0: Called Strike 0-1: Foul Ball, location: 2F 0-2: Strikes out looking
|
|
Batting: RHB Dave Ruiz
|
0-0: Ball 1-0: DOUBLE (Groundball, 5L, EV 100.0 MPH)
|
|
Batting: RHB Chae-seong Lee
|
0-0: Ball 1-0: Foul Ball, location: 2F 1-1: Ball 2-1: Foul Ball, location: 2F 2-2: Foul Ball, location: 2F 2-2: Fly out, F4 (Line Drive, 4, EV 73.8 MPH)
|
|
Batting: LHB Josiah Leath
|
0-0: Ground out 5-3 (Groundball, 15, EV 83.8 MPH)
|
| Top of the 4th over - 1 run, 2 hits, 0 errors, 1 left on base; Cincinnati (NYP) 3 - Williamsport 0 |
| BOTTOM OF THE 4TH |
|
Williamsport Crosscutters batting - Pitching for Cincinnati (NYP) Reds : LHP Juan Garcia
|
|
Batting: RHB Alan Weller
|
0-0: Ball 1-0: Called Strike 1-1: Ball 2-1: Ball 3-1: Foul Ball, location: 2F 3-2: Foul Ball, location: 2F 3-2: Base on Balls
|
|
Batting: SHB Benjamin Brown
|
0-0: Ball 1-0: Called Strike 1-1: Fielders Choice at 2nd, 4-6 (Groundball, 4, EV 87.5 MPH)
|
|
Batting: RHB Jimmy Misener
|
0-0: Ball 1-0: Fly out, F5 (Popup, 56, EV 78.8 MPH)
|
|
Batting: RHB Matt McDevitt
|
0-0: Ball 1-0: Called Strike 1-1: Called Strike 1-2: Foul Ball, location: 2F 1-2: Ball 2-2: Strikes out swinging
|
| Bottom of the 4th over - 0 runs, 0 hits, 0 errors, 1 left on base; Cincinnati (NYP) 3 - Williamsport 0 |
| TOP OF THE 5TH |
|
Cincinnati (NYP) Reds batting - Pitching for Williamsport Crosscutters : RHP John Stepanian
|
|
Batting: SHB Bryan Johnston
|
0-0: Called Strike 0-1: Foul Ball, location: 2F 0-2: Ball 1-2: Ball 2-2: Foul Ball, location: 2F 2-2: Ground out U3 (Groundball, 3L, EV 101.9 MPH)
|
|
Batting: LHB Fernando Gomez
|
0-0: Called Strike 0-1: Ball 1-1: Foul Ball, location: 2F 1-2: Ground out U3 (Groundball, 34, EV 81.9 MPH)
|
|
Batting: RHB Ricky Carbajal
|
0-0: Ball 1-0: Ground out 4-3 (Groundball, 4, EV 78.1 MPH)
|
| Top of the 5th over - 0 runs, 0 hits, 0 errors, 0 left on base; Cincinnati (NYP) 3 - Williamsport 0 |
| BOTTOM OF THE 5TH |
|
Williamsport Crosscutters batting - Pitching for Cincinnati (NYP) Reds : LHP Juan Garcia
|
|
Batting: RHB Allen Gravel
|
0-0: Called Strike 0-1: Ball 1-1: Foul Ball, location: 2F 1-2: SINGLE (Line Drive, 8RS, EV 101.9 MPH)
|
|
Batting: RHB Moritake Fukumoto
|
0-0: Ball 1-0: Ball 2-0: Foul Ball, location: 2F 2-1: Ball 3-1: Base on Balls Allen Gravel to second
|
|
Batting: RHB Ken Gadberry
|
0-0: Ball 1-0: Foul Ball, location: 2F 1-1: Foul Ball, location: 2F 1-2: Ball 2-2: Grounds into double play, 3-6-3 (Groundball, 3, EV 105.6 MPH) Allen Gravel to third
|
|
Batting: RHB Cory Bonham
|
0-0: Called Strike 0-1: Ball 1-1: Ball 2-1: Foul Ball, location: 2F 2-2: Strikes out swinging
|
| Bottom of the 5th over - 0 runs, 1 hit, 0 errors, 1 left on base; Cincinnati (NYP) 3 - Williamsport 0 |
| TOP OF THE 6TH |
|
Cincinnati (NYP) Reds batting - Pitching for Williamsport Crosscutters : RHP John Stepanian
|
|
Batting: RHB Logan Smith
|
0-0: Swinging Strike 0-1: Hit by Pitch
|
|
Batting: RHB Kagetoki Kawai
|
0-0: Called Strike 0-1: Ball Wild Pitch! Logan Smith to second 1-1: Ball 2-1: Ball 3-1: Ground out 5-3 (Groundball, 5, EV 101.9 MPH)
|
|
Batting: LHB Marty Hafner
|
0-0: Ground out 5-3 (Groundball, 6, EV 110.0 MPH)
|
|
Batting: RHB Dave Ruiz
|
0-0: Ball 1-0: Ground out 4-3 (Groundball, 4M, EV 85.6 MPH)
|
| Top of the 6th over - 0 runs, 0 hits, 0 errors, 1 left on base; Cincinnati (NYP) 3 - Williamsport 0 |
| BOTTOM OF THE 6TH |
|
Williamsport Crosscutters batting - Pitching for Cincinnati (NYP) Reds : LHP Juan Garcia
|
|
Batting: RHB Prabhukumar Santhanakrishnan
|
0-0: Ball 1-0: Ball 2-0: Called Strike 2-1: Ball 3-1: Base on Balls
|
|
Batting: RHB Alan Weller
|
0-0: Ball 1-0: Grounds into double play, 6-4-3 (Groundball, 6, EV 103.8 MPH)
|
|
Batting: SHB Benjamin Brown
|
0-0: Ball 1-0: Called Strike 1-1: Fly out, F8 (Flyball, 89S, EV 80.0 MPH)
|
| Bottom of the 6th over - 0 runs, 0 hits, 0 errors, 0 left on base; Cincinnati (NYP) 3 - Williamsport 0 |
| TOP OF THE 7TH |
|
Cincinnati (NYP) Reds batting - Pitching for Williamsport Crosscutters : RHP John Stepanian
|
|
Pitching: LHP Wil Diaz
|
|
|
Batting: RHB Chae-seong Lee
|
0-0: Called Strike 0-1: Ball 1-1: Ball 2-1: Swinging Strike 2-2: Strikes out swinging
|
|
Batting: LHB Josiah Leath
|
0-0: Foul Ball, location: 2F 0-1: Ball 1-1: Ball 2-1: Swinging Strike 2-2: Strikes out swinging
|
|
Batting: SHB Bryan Johnston
|
0-0: Swinging Strike 0-1: Called Strike 0-2: Strikes out looking
|
| Top of the 7th over - 0 runs, 0 hits, 0 errors, 0 left on base; Cincinnati (NYP) 3 - Williamsport 0 |
| BOTTOM OF THE 7TH |
|
Williamsport Crosscutters batting - Pitching for Cincinnati (NYP) Reds : LHP Juan Garcia
|
|
Batting: RHB Jimmy Misener
|
0-0: Called Strike 0-1: Ball 1-1: Called Strike 1-2: Strikes out looking
|
|
Batting: RHB Matt McDevitt
|
0-0: Called Strike 0-1: Ball 1-1: Ball 2-1: SINGLE (Line Drive, 56, EV 95.6 MPH)
|
|
Pitching: LHP Jin Zhui
|
|
|
Batting: RHB Allen Gravel
|
0-0: Fly out, F7 (Line Drive, 7, EV 85.6 MPH)
|
|
Batting: RHB Moritake Fukumoto
|
0-0: Called Strike 0-1: Ball 1-1: Ground out 4-3 (Groundball, 34, EV 100.0 MPH)
|
| Bottom of the 7th over - 0 runs, 1 hit, 0 errors, 1 left on base; Cincinnati (NYP) 3 - Williamsport 0 |
| TOP OF THE 8TH |
|
Cincinnati (NYP) Reds batting - Pitching for Williamsport Crosscutters : LHP Wil Diaz
|
|
Batting: LHB Fernando Gomez
|
0-0: Ball 1-0: Ball 2-0: Called Strike 2-1: Foul Ball, location: 2F 2-2: Strikes out swinging
|
|
Batting: RHB Ricky Carbajal
|
0-0: Called Strike 0-1: Foul Ball, location: 2F 0-2: Foul Ball, location: 2F 0-2: Ball 1-2: Ball 2-2: Fly out, F8 (Flyball, 8RM, EV 97.5 MPH)
|
|
Batting: RHB Logan Smith
|
0-0: Ball 1-0: Ball 2-0: Fly out, F8 (Flyball, 89D, EV 97.5 MPH)
|
| Top of the 8th over - 0 runs, 0 hits, 0 errors, 0 left on base; Cincinnati (NYP) 3 - Williamsport 0 |
| BOTTOM OF THE 8TH |
|
Williamsport Crosscutters batting - Pitching for Cincinnati (NYP) Reds : LHP Jin Zhui
|
|
Batting: RHB Ken Gadberry
|
0-0: Called Strike 0-1: Ball 1-1: Called Strike 1-2: Foul Ball, location: 2F 1-2: Ball 2-2: Strikes out swinging
|
|
Batting: RHB Cory Bonham
|
0-0: Ball 1-0: Ball 2-0: Called Strike 2-1: Swinging Strike 2-2: Strikes out swinging
|
|
Batting: RHB Prabhukumar Santhanakrishnan
|
0-0: Ball 1-0: Ball 2-0: Ball 3-0: Base on Balls
|
|
Batting: RHB Alan Weller
|
0-0: Called Strike 0-1: Swinging Strike 0-2: Ball 1-2: Ball 2-2: Ball 3-2: Foul Ball, location: 2F 3-2: Strikes out swinging
|
| Bottom of the 8th over - 0 runs, 0 hits, 0 errors, 1 left on base; Cincinnati (NYP) 3 - Williamsport 0 |
| TOP OF THE 9TH |
|
Cincinnati (NYP) Reds batting - Pitching for Williamsport Crosscutters : LHP Wil Diaz
|
|
Pitching: RHP Marty Nieves
|
|
|
Batting: RHB Kagetoki Kawai
|
0-0: Foul Ball, location: 2F 0-1: Ball 1-1: Called Strike 1-2: Foul Ball, location: 2F 1-2: Ball 2-2: Strikes out looking
|
|
Batting: LHB Marty Hafner
|
0-0: Ball 1-0: Ball 2-0: Called Strike 2-1: Foul Ball, location: 2F 2-2: SINGLE (Groundball, 34D, EV 104.4 MPH)
|
|
Batting: RHB Dave Ruiz
|
0-0: Ball 1-0: Ball 2-0: DOUBLE (Groundball, 5L, EV 105.6 MPH) Marty Hafner to third
|
|
Batting: RHB Chae-seong Lee
|
0-0: Ball 1-0: Swinging Strike 1-1: Ball 2-1: Swinging Strike 2-2: Strikes out swinging
|
|
Batting: LHB Josiah Leath
|
0-0: Ball 1-0: Called Strike 1-1: Ball 2-1: Ground out 3-1 (Groundball, 34S, EV 81.9 MPH)
|
| Top of the 9th over - 0 runs, 2 hits, 0 errors, 2 left on base; Cincinnati (NYP) 3 - Williamsport 0 |
| BOTTOM OF THE 9TH |
|
Williamsport Crosscutters batting - Pitching for Cincinnati (NYP) Reds : LHP Jin Zhui
|
|
Pitching: RHP Giovonni Morgia
|
|
|
Batting: SHB Benjamin Brown
|
0-0: Ball 1-0: Foul Ball, location: 2F 1-1: Foul Ball, location: 2F 1-2: Strikes out swinging
|
|
Pinch Hitting: LHB Tsuneharu Nishimura
|
0-0: Ball 1-0: Foul Ball, location: 2F 1-1: Foul Ball, location: 2F 1-2: Foul Ball, location: 2F 1-2: Fly out, F8 (Flyball, 89M, EV 91.9 MPH)
|
|
Batting: RHB Matt McDevitt
|
0-0: Ball 1-0: Swinging Strike 1-1: Ball 2-1: Foul Ball, location: 2F 2-2: Foul Ball, location: 2F 2-2: Foul Ball, location: 2F 2-2: Foul Ball, location: 2F 2-2: Foul Ball, location: 2F 2-2: Strikes out swinging
|
| Bottom of the 9th over - 0 runs, 0 hits, 0 errors, 0 left on base; Cincinnati (NYP) 3 - Williamsport 0 |
|